 Dungeon Crawl Stone Soup version 0.23.2-33-g5129a83 (webtiles) character file.

Game seed: 4623838044187078925

1204 Aphrodieselac the Spear-Bearer (level 8, 0/56 HPs)
             Began as a Merfolk Skald on Aug 5, 2019.
             Was a Priest of Okawaru.
             Slain by an ice beast (16 damage)
             ... on level 6 of the Dungeon.
             The game lasted 00:31:49 (5203 turns).

Aphrodieselac the Spear-Bearer (Merfolk Skald)      Turns: 5203, Time: 00:31:50

Health: 0/56       AC: 11    Str: 11    XL:     8   Next: 45%
Magic:  7/11       EV: 13    Int: 15    God:    Okawaru [***...]
Gold:   375        SH:  0    Dex: 21    Spells: 3/11 levels left

rFire    . . .     SeeInvis .   w - +5 spear of Dullness {protect, rPois rC- Dex+8}
rCold    x . .     Gourm    .   (no shield)
rNeg     . . .     Faith    .   b - +0 leather armour
rPois    +         Spirit   .   (no helmet)
rElec    .         Reflect  .   (no cloak)
rCorr    +         Harm     .   (no gloves)
MR       .....                  k - +0 pair of boots (curse)
Stlth    ++........             (no amulet)
HPRegen  0.18/turn              r - ring of resist corrosion
MPRegen  0.12/turn              (no ring)

@: infused, protection aura
A: change form in water, swift swim, stealthy swim
a: Heroism, Renounce Religion


You were on level 6 of the Dungeon.
You worshipped Okawaru.
Okawaru was most pleased with you.
You were not hungry.

You visited 1 branch of the dungeon, and saw 6 of its levels.

You collected 375 gold pieces.

Inventory:

Hand Weapons
 a - a +1 spear
 m - a +0 hunting sling
 u - a +0 blowgun
 w - the +5 spear of Dullness (weapon) {protect, rPois rC- Dex+8}
   (You found it on level 3 of the Dungeon)

   It protects the one who uses it against injury (+AC on strike).
   It affects your dexterity (+8).
   It makes you vulnerable to cold.
   It protects you from poison.
 F - a +2 glaive of venom
Missiles
 f - 41 sling bullets
 v - 36 poisoned needles
 y - 7 tomahawks (quivered)
Armour
 b - a +0 leather armour (worn)
 k - a cursed +0 pair of boots (worn)
Jewellery
 r - a ring of resist corrosion (left hand)
Wands
 x - a wand of iceblast (10)
 C - a wand of paralysis (10)
 D - a wand of polymorph (3)
Scrolls
 c - 2 scrolls of remove curse {unknown}
 e - 2 scrolls of enchant weapon
 g - a scroll of enchant armour {unknown}
 h - 2 scrolls of noise {unknown}
 j - 2 scrolls of identify
 l - 3 scrolls of teleportation {unknown}
 n - 3 scrolls of immolation {unknown}
 o - a scroll of magic mapping {unknown}
 q - 2 scrolls of random uselessness {unknown}
 B - a scroll of fear {unknown}
 G - 2 scrolls of amnesia {unknown}
 H - a scroll of torment {unknown}
Potions
 i - a potion of heal wounds
 p - 3 potions of cancellation {unknown}
 s - 3 potions of haste {unknown}
 t - 2 potions of resistance
 z - 3 potions of curing {unknown}
 A - 4 potions of flight {unknown}
 E - a potion of degeneration
Comestibles
 d - 6 rations


   Skills:
 - Level 2.1 Fighting
 * Level 9.5 Polearms
 - Level 0.6 Armour
 - Level 2.6 Dodging
 - Level 2.0 Spellcasting
 + Level 8.9 Charms


You had 3 spell levels left.
You knew the following spells:

 Your Spells              Type           Power        Failure   Level  Hunger
a - Infusion              Chrm           ####         1%          1    #......
b - Song of Slaying       Chrm           ####....     1%          2    ###....
c - Shroud of Golubria    Chrm/Tloc      ##........   7%          2    ###....
d - Spectral Weapon       Hex/Chrm       ##......     14%         3    ###....

Your spell library contained the following spells:

 Spells                   Type           Power        Failure   Level  Hunger
 Regeneration             Chrm/Necr      ##........   14%         3    ###....
 Animate Skeleton         Necr           N/A          28%         1    #......
 Apportation              Tloc           #.....       28%         1    #......
 Confusing Touch          Hex            #.....       28%         1    #......
 Corona                   Hex            #......      28%         1    #......
 Sandblast                Erth           #.....       28%         1    #......
 Summon Small Mammal      Summ           #...         28%         1    #......
 Ensorcelled Hibernation  Hex/Ice        #.....       41%         2    ###....
 Passwall                 Tmut/Erth      #.......     41%         2    ###....
 Confuse                  Hex            #.......     65%         3    ###....
 Dazzling Spray           Conj/Hex       #.....       65%         3    ###....
 Stone Arrow              Conj/Erth      #.....       65%         3    ###....
 Tukima's Dance           Hex            #.......     65%         3    ###....
 Petrify                  Tmut/Erth      #.......     96%         4    #####..
 Lee's Rapid Deconstruct  Erth           #.........   100%        5    ######.


Dungeon Overview and Level Annotations

Branches:
Dungeon (6/15)
 Temple: D:4-7

Altars:
Ashenzari
Elyvilon
Fedhas
Gozag
Makhleb
Nemelex Xobeh
Okawaru
Trog
Vehumet

Shops:
D:5 %

Annotations:
D:5 1 runed translucent door, Dharzhak's ghost, novice MfSk


Message History

The ice beast misses you.
You closely miss the ice beast.
The ice beast is severely wounded.
You hit the ice beast.
The ice beast is almost dead.
The ice beast hits you. The ice beast freezes you!!
You feel a terrible chill!
You barely miss the ice beast.
The ice beast is almost dead.
The ice beast hits you but does no damage.
You hit the ice beast but do no damage.
The ice beast is almost dead.
You hit the ice beast.
The ice beast is almost dead.
The ice beast hits you. The ice beast freezes you!
You feel a terrible chill!
You closely miss the ice beast.
The ice beast is almost dead.
The ice beast hits you.
* * * LOW HITPOINT WARNING * * *
The ice beast freezes you!
You feel a terrible chill!
You die...

###.#... #.# #.#...
#.# # #... ## #.# #...
##.# #.# #... ...##
#.# ... #.#
#.##.####.# ########
#....@....#####.......
####Y####.......##.##.
... #.##.......#..
#### #.#...#.####..
#.#...#.####..
#.#...#.......
#.##.##.####.#
#.......#.....
.....####.....


You could see an ice beast.

Vanquished Creatures
  Eustachio (D:4)
  An ogre (D:5)
  A phantom (D:4)
  A scorpion (D:4)
  2 howler monkeys
  2 crimson imps (D:5)
  5 orc wizards
  A gnoll shaman (D:4)
  3 orc priests
  An iguana (D:6)
  A centaur skeleton (D:5)
  Jessica (D:3)
  5 worker ants
  A howler monkey skeleton (D:4)
  7 adders
  4 gnolls (D:4)
  A shadow imp (D:6)
  An ooze (D:1)
  An adder skeleton (D:6)
  3 worms
  A dart slug (D:4)
  4 leopard geckos
  15 orcs
  7 giant cockroaches
  5 hobgoblins
  7 jackals
  12 kobolds
  4 quokkas
  5 bats
  7 frilled lizards
  5 goblins
  A leopard gecko skeleton (D:4)
  A quokka skeleton (D:4)
  13 rats
130 creatures vanquished.

Vanquished Creatures (others)
  A quokka (D:3)
  2 withered plants (D:5)
3 creatures vanquished.

Grand Total: 133 creatures vanquished

Notes
Turn   | Place    | Note
-------+----------+-------------------------------------------
     0 | D:1      | Aphrodieselac the Merfolk Skald began the quest for the
                  | Orb.
     0 | D:1      | Reached XP level 1. HP: 16/16 MP: 3/3
   239 | D:1      | Reached XP level 2. HP: 21/22 MP: 5/5
   489 | D:1      | Reached XP level 3. HP: 27/27 MP: 1/6
   504 | D:1      | Learned a level 2 spell: Song of Slaying
   507 | D:1      | Learned a level 2 spell: Shroud of Golubria
   828 | D:2      | Found a blossoming altar of Fedhas.
  1066 | D:2      | Reached skill level 5 in Charms
  1350 | D:2      | Found an iron altar of Okawaru.
  1350 | D:2      | Found a bloodstained altar of Trog.
  1354 | D:2      | Became a worshipper of Warmaster Okawaru
  1483 | D:3      | Found a white marble altar of Elyvilon.
  1594 | D:3      | Reached XP level 4. HP: 28/33 MP: 0/7
  1681 | D:3      | Noticed Jessica
  1688 | D:3      | Killed Jessica
  2108 | D:3      | Reached XP level 5. HP: 29/38 MP: 0/8
  2359 | D:3      | Got an ichor-stained spear
  2538 | D:2      | Identified the +5 spear of Dullness {protect, rPois rC-
                  | Dex+8} (You found it on level 3 of the Dungeon)
  2859 | D:3      | Found a shattered altar of Ashenzari.
  3326 | D:4      | Reached * piety under Okawaru
  3326 | D:4      | Reached XP level 6. HP: 39/44 MP: 4/9
  3334 | D:4      | Learned a level 3 spell: Spectral Weapon
  3455 | D:4      | Found a burning altar of Makhleb.
  3468 | D:4      | Reached skill level 4 in Polearms
  3502 | D:4      | Noticed Eustachio
  3637 | D:4      | Noticed a phantom
  3647 | D:4      | Killed a phantom
  3647 | D:4      | Reached skill level 5 in Polearms
  3647 | D:4      | Reached XP level 7. HP: 40/50 MP: 2/10
  3702 | D:4      | Reached skill level 6 in Polearms
  3704 | D:4      | Found a sparkling altar of Nemelex Xobeh.
  3711 | D:4      | Reached ** piety under Okawaru
  3873 | D:4      | Killed Eustachio
  3873 | D:4      | Reached skill level 7 in Polearms
  4341 | D:5      | Entered Level 5 of the Dungeon
  4341 | D:5      | Found an opulent altar of Gozag.
  4372 | D:5      | Found a blossoming altar of Fedhas.
  4403 | D:5      | Reached skill level 8 in Polearms
  4403 | D:5      | Reached XP level 8. HP: 56/56 MP: 6/11
  4728 | D:5      | Found Teacix's Food Shoppe.
  4801 | D:5      | Reached skill level 9 in Polearms
  4833 | D:5      | Found a runed translucent door.
  4833 | D:5      | Noticed Dharzhak's ghost (novice MfSk)
  5018 | D:6      | Found a radiant altar of Vehumet.
  5138 | D:6      | Reached *** piety under Okawaru
  5203 | D:6      | Slain by an ice beast

Skill      XL: |  1  2  3  4  5  6  7  8 |
---------------+-------------------------+-----
Charms         | 4 5 6 7 8 |  8.9
Polearms       | 5 8 9 |  9.5
Fighting       | |  2.1
Armour         | |  0.6
Dodging        | |  2.6
Spellcasting   | |  2.0

Action                   |  1- 3 |  4- 6 |  7- 9 || total
-------------------------+-------+-------+-------++-------
Melee: Spear             |   176 |   174 |   159 ||   509
       Tailslap          |       |       |     1 ||     1
       Glaive            |       |       |    25 ||    25
 Fire: Hunting sling     |       |     7 |       ||     7
Throw: Tomahawk          |       |     3 |       ||     3
 Cast: Infusion          |     6 |     8 |     4 ||    18
       Shroud of Golubri |     1 |     5 |     4 ||    10
       Song of Slaying   |       |     3 |     4 ||     7
  Use: Scroll            |     1 |       |     3 ||     4
 Stab: Sleeping          |       |       |     2 ||     2
  Eat: Chunk             |     2 |     8 |     6 ||    16
Armor: Leather armour    |    19 |    59 |    43 ||   121
Dodge: Dodged            |    83 |   107 |    91 ||   281
